 Dungeon Crawl Stone Soup version 0.22-a0-322-g60b3cfd (webtiles) character file.

14681 Amnesiac the Destroyer (level 12, -1/59 HPs)
             Began as a Tengu Air Elementalist on Apr 2, 2018.
             Was a High Priest of Sif Muna.
             Slain by a yak (8 damage)
             ... on level 11 of the Dungeon.
             The game lasted 00:19:41 (9726 turns).

Amnesiac the Destroyer (Tengu Air Elementalist)     Turns: 9726, Time: 00:19:42

Health: -1/59      AC:  4    Str: 10    XL:     12   Next: 19%
Magic:  28/28      EV: 14    Int: 20    God:    Sif Muna [*****.]
Gold:   288        SH:  5    Dex: 14    Spells: 17/34 levels left

rFire    + . .     SeeInvis +   u - staff of cold
rCold    + . .     Gourm    .   x - +0 buckler
rNeg     . . .     Faith    .   v - +0 troll leather armour
rPois    .         Spirit   .   (helmet restricted)
rElec    .         Reflect  .   (no cloak)
rCorr    .         Harm     .   (no gloves)
MR       .....                  (boots unavailable)
Stlth    ++........             F - amulet of magic regeneration
HPRegen  0.59/turn              K - ring of see invisible
MPRegen  0.46/turn              I - ring of protection from fire

@: divine energy
A: beak, talons 3, able to fly 1
a: Fly, Stop Divine Energy, Channel Magic, Forget Spell, Renounce Religion


You were on level 11 of the Dungeon.
You worshipped Sif Muna.
Sif Muna was extremely pleased with you.
You were not hungry.

You visited 1 branch of the dungeon, and saw 12 of its levels.

You collected 517 gold pieces.
You spent 229 gold pieces at shops.

Inventory:

Hand Weapons
 B - a +0 blowgun
Missiles
 f - 2 curare-tipped needles
 D - 31 poisoned needles
Armour
 v - a +0 troll leather armour (worn)
 x - a +0 buckler (worn)
 H - the +2 plate armour of Apathy {Str+4, unknown}
   (You found it on level 10 of the Dungeon)

   It affects your strength (+4).
Magical Staves
 u - an uncursed staff of cold (weapon)
Jewellery
 F - an amulet of magic regeneration (around neck)
 I - a ring of protection from fire (right hand)
 K - a ring of see invisible (left hand)
Wands
 i - a wand of digging (7)
 m - a wand of acid (6)
 p - a wand of iceblast (8)
 q - a wand of disintegration (10)
 y - a wand of polymorph (13)
 E - a wand of random effects (46)
 M - a wand of flame (24)
Scrolls
 d - 3 scrolls of random uselessness {!r, unknown}
 e - 5 scrolls of enchant armour {!r, unknown}
 g - 7 scrolls of identify {!r}
 j - 6 scrolls of teleportation {!r}
 n - 7 scrolls of remove curse {!r}
 o - 4 scrolls of blinking {!r, unknown}
 r - 4 scrolls of magic mapping {!r, unknown}
 s - 2 scrolls of immolation {!r, unknown}
 w - 4 scrolls of amnesia {!r}
 J - a scroll of enchant weapon {!r, unknown}
 O - a scroll of fog {!r, unknown}
Potions
 a - 2 potions of invisibility {!q, unknown}
 b - 5 potions of heal wounds {!q}
 h - 5 potions of might {!q, unknown}
 k - 5 potions of curing {!q}
 l - 3 potions of brilliance {!q}
 t - a potion of agility {!q}
 z - a potion of lignification {!q}
 A - a potion of flight {!q, unknown}
 C - a potion of mutation {!q, unknown}
 G - a potion of haste {!q, unknown}
 L - a potion of cancellation {!q, unknown}
 N - 2 potions of berserk rage {!q, unknown}
Comestibles
 c - 24 rations
 P - 6 chunks of flesh


   Skills:
 - Level 5.0 Dodging
 - Level 2.0 Stealth
 - Level 4.3 Shields
 - Level 11.5 Spellcasting
 - Level 11.5 Conjurations
 - Level 11.5 Air Magic
 + Level 5.2 Invocations


You had 17 spell levels left.
You knew the following spells:

 Your Spells              Type           Power        Failure   Level  Hunger
a - Airstrike             Air            ######....   1%          4    #......
b - Static Discharge      Conj/Air       ######..     1%          3    None
c - Passwall              Tmut/Erth      ##........   12%         2    None
d - Lightning Bolt        Conj/Air       ######....   1%          5    ####...
e - Shock                 Conj/Air       ####         1%          1    None
z - Swiftness             Chrm/Air       ####....     1%          2    None


Dungeon Overview and Level Annotations

Branches:
Dungeon (12/15)            Temple (0/1) D:7            Lair (0/6) D:11
    Orc (0/2) D:10

Altars:
Ashenzari
Fedhas
Hepliaklqana
Okawaru
Qazlal
Sif Muna
Trog
Vehumet
Yredelemnul
Zin
The Shining One

Shops:
D:4 [%**!   D:6 (

Annotations:
D:8 2 transporters


Innate Abilities, Weirdness & Mutations

You have a beak for a mouth.
You have claws for feet.
You can fly.


Message History

Aim: a cyan ugly thing (severely wounded)
The air twists around and strikes the cyan ugly thing!
The cyan ugly thing is severely wounded.
The cyan ugly thing closely misses you.
Casting: Airstrike (safe; 1% risk of failure)
Confirm with . or Enter, or press ? or * to list all spells.
Aiming: Airstrike (safe; 1% risk of failure)
Press: ? - help, Dir - move target cursor, f/p - cyan ugly thing
Aim: a cyan ugly thing (severely wounded)
The air twists around and strikes the cyan ugly thing!
The cyan ugly thing is almost dead.
Sif Muna grants you divine energy.
You briefly lose access to your magic!
The cyan ugly thing closely misses you.
You are unable to access your magic!
You are unable to access your magic!
There is an open door here.
You regain access to your magic.
Casting: Airstrike (safe; 1% risk of failure)
Confirm with . or Enter, or press ? or * to list all spells.
Aiming: Airstrike (safe; 1% risk of failure)
Press: ? - help, Dir - move target cursor, f/p - cyan ugly thing
Aim: a cyan ugly thing (almost dead)
The air twists around and strikes the cyan ugly thing!
You kill the cyan ugly thing!
Sif Muna accepts your kill.
Your Invocations skill increases to level 5!
Sif Muna grants you divine energy.
You briefly lose access to your magic!
Done exploring.
Done exploring.
Done exploring.
You regain access to your magic.
Eating one of 7 chunks of flesh.
You eat one of the 7 chunks of flesh.
This raw flesh tastes terrible.
There is a stone staircase leading down here.
You climb downwards. 2 centaurs come into view.
There is a stone staircase leading up here.
You climb upwards.
There is a stone staircase leading down here.
HP restored.
Magic restored.
There is a stone staircase leading down here.
You climb downwards.
A hound and 5 yaks come into view.
The hound barks!
The yak bellows! x3
The hound barely misses you. You block the hound's attack. The yak gores you!
You hear a shout! x2
Found a scroll labeled BUDIB QEPTEETI and a dagger.
There is a stone staircase leading up here.
Magic restored.
The hound bites you. The yak gores you! x2
* * * LOW HITPOINT WARNING * * *
The yak completely misses you. The hound bites you.
* * * LOW HITPOINT WARNING * * *
You climb upwards.
There is a stone staircase leading down here.
Really read
w - 5 scrolls labeled NOIMUG GODUAJ {!r}?
As you read the scroll labeled NOIMUG GODUAJ {!r}, it crumbles to dust.
It is a scroll of amnesia.
Okay, then.
You block the hound's attack. The yak gores you!
* * * LOW HITPOINT WARNING * * *
The yak gores you!
You die...

######## #.##..####...(.......
#......# #..#.................
#......# ##.#.#######.........
#......# #.#.# #.........
.......# #.#.# #.........
...##### #...# #.........
...############.Y# #....PP...
##..รท.......).#hY# #.....P...
....#########.##@# #....P....
....# #.##Y#######...P..... ....#
#######.##.##......PP......
....###.......##.##......P...####
##....'.......##.##......P..P#.>#
####.##.......##.##.........P#..#
.....##.......##.##.......P.P#'##
####.##.......##.##...)..P.P.P.PP
#.#.##.......##.##......P..P...P


You could see 3 yaks and a hound.

Vanquished Creatures
  A death knight (D:11)
  2 two-headed ogres
  6 skeletal warriors (D:11)
  An ugly thing (D:11)
  A moth of wrath (D:6)
  The ghost of Amnesiac the Zephyrmancer, a novice TeAE of Sif Muna (D:7)
  5 trolls
  A hornet (D:8)
  A polar bear (D:10)
  4 hippogriffs
  2 wraiths (D:11)
  A spriggan (D:7)
  10 yaks
  Menkaure (D:7)
  A porcupine (D:11)
  An orc warrior (D:11)
  3 ice beasts
  3 phantoms
  2 sky beasts (D:8)
  8 ogres
  A black bear (D:11)
  3 wolves (D:10)
  3 centaurs
  2 big kobolds (D:10)
  8 bullfrogs
  2 scorpions
  A wyvern skeleton (D:6)
  An electric eel (D:10)
  6 howler monkeys
  2 crimson imps (D:6)
  4 hounds
  2 jellies (D:5)
  A gnoll shaman (D:5)
  2 orc wizards (D:6)
  2 centaur skeletons
  A bullfrog skeleton (D:6)
  Natasha (thrice) (D:2)
  2 iguanas
  4 worker ants
  A centaur simulacrum (D:10)
  5 gnolls (D:5)
  A howler monkey skeleton (D:10)
  13 adders
  3 shadow imps
  5 white imps (D:10)
  2 ufetubi (D:10)
  An adder skeleton (D:7)
  4 worms
  4 dart slugs
  7 leopard geckos
  15 orcs
  4 ball pythons
  4 bats
  7 giant cockroaches
  3 goblins
  6 hobgoblins
  3 jackals (D:7)
  3 quokkas
  A frilled lizard (D:3)
  15 kobolds
  2 quokka skeletons
  A quokka zombie (D:6)
  25 rats
  A spectral orc (D:6)
241 creatures vanquished.

Vanquished Creatures (others)
  2 fungi (D:11)
2 creatures vanquished.

Grand Total: 243 creatures vanquished

Notes
Turn   | Place    | Note
-------+----------+-------------------------------------------
     0 | D:1      | Amnesiac the Tengu Air Elementalist began the quest for the Orb.
     0 | D:1      | Reached XP level 1. HP: 10/10 MP: 4/4
   136 | D:1      | Reached XP level 2. HP: 15/15 MP: 1/6
   374 | D:1      | Reached XP level 3. HP: 19/19 MP: 4/7
   379 | D:1      | Learned a level 3 spell: Static Discharge
   382 | D:1      | Learned a level 2 spell: Swiftness
   689 | D:2      | Found a faded altar of an unknown god.
   690 | D:2      | Noticed Natasha
   701 | D:2      | Reached XP level 4. HP: 13/24 MP: 2/9
   848 | D:2      | Killed Natasha
  1259 | D:2      | Noticed Natasha
  1266 | D:2      | Killed Natasha
  1266 | D:2      | Gained mutation: You can fly. [Tengu growth]
  1266 | D:2      | Reached XP level 5. HP: 23/28 MP: 4/12
  1342 | D:2      | Noticed Natasha
  1351 | D:2      | Killed Natasha
  2358 | D:3      | Reached XP level 6. HP: 32/32 MP: 7/13
  2364 | D:3      | Learned a level 4 spell: Airstrike
  2631 | D:4      | Found Xekhlam's Food Boutique.
  2637 | D:4      | Reached skill level 1 in Shields
  2711 | D:4      | Found a stormy altar of Qazlal.
  2858 | D:4      | Found Ykenuk's Distillery.
  2859 | D:4      | Noticed a phantom
  2874 | D:4      | Killed a phantom
  2877 | D:4      | Bought a potion of heal wounds for 65 gold pieces
  2877 | D:4      | Bought a potion of degeneration for 13 gold pieces
  2892 | D:4      | Found Ysoeshro's General Store.
  2910 | D:4      | Bought a scroll of teleportation for 30 gold pieces
  3036 | D:4      | Reached XP level 7. HP: 29/36 MP: 8/15
  3072 | D:4      | Found Vemapneo's General Store.
  3123 | D:4      | Found Hoorenwo's Antique Armour Emporium.
  3129 | D:4      | Learned a level 2 spell: Passwall
  3170 | D:4      | Reached skill level 5 in Spellcasting
  3170 | D:4      | Reached skill level 5 in Conjurations
  3198 | D:4      | Found a glowing golden altar of the Shining One.
  3264 | D:5      | Entered Level 5 of the Dungeon
  3329 | D:5      | Reached skill level 5 in Air Magic
  3555 | D:5      | Reached XP level 8. HP: 28/41 MP: 5/17
  4008 | D:5      | Found a shattered altar of Ashenzari.
  4150 | D:6      | Found a basalt altar of Yredelemnul.
  4217 | D:6      | Found a glowing silver altar of Zin.
  4469 | D:6      | Found a bloodstained altar of Trog.
  4469 | D:6      | Noticed a moth of wrath
  4718 | D:6      | Found a hazy altar of Hepliaklqana.
  4879 | D:6      | Found Iva Wih's Weapon Boutique.
  5075 | D:7      | Got an ancient scale mail
  5099 | D:7      | Got a polished ring mail
  5191 | D:4      | Bought a scroll of remove curse for 30 gold pieces
  5213 | D:4      | Bought a potion of lignification for 39 gold pieces
  5213 | D:4      | Bought a potion of brilliance for 52 gold pieces
  5328 | D:6      | Reached skill level 5 in Dodging
  5398 | D:6      | Reached XP level 9. HP: 45/45 MP: 10/20
  5409 | D:6      | Found a deep blue altar of Sif Muna.
  5469 | D:6      | Became a worshipper of Sif Muna the Loreminder
  5482 | D:6      | Identified Sif Muna's Almanac of the Snowflakes
  5494 | D:6      | Learned a level 5 spell: Lightning Bolt
  5562 | D:6      | Killed a moth of wrath
  5722 | D:7      | Reached * piety under Sif Muna
  5742 | D:7      | Noticed Amnesiac's ghost (novice TeAE)
  5744 | D:7      | Killed Amnesiac's ghost
  5826 | D:7      | Noticed Menkaure
  5829 | D:7      | Killed Menkaure
  6053 | D:7      | Found a staircase to the Ecumenical Temple.
  6127 | D:8      | Noticed a hornet
  6132 | D:8      | Killed a hornet
  6159 | D:8      | Reached XP level 10. HP: 27/50 MP: 0/23
  6185 | D:8      | Noticed a centaur warrior
  6190 | D:8      | Found a transporter.
  6195 | D:8      | Found a transporter.
  6197 | D:8      | Reached ** piety under Sif Muna
  6274 | D:8      | Found a deep blue altar of Sif Muna.
  6275 | D:8      | Noticed a two-headed ogre
  6321 | D:8      | Killed a two-headed ogre
  6575 | D:8      | Identified the +1 scale mail of Experimentation {Dex+2} (You found it on level 7 of the Dungeon)
  6585 | D:8      | Identified the cursed +1 ring mail of the Hundredfold Tables {Str+3} (You found it on level 7 of the Dungeon)
  6718 | D:8      | Found a blossoming altar of Fedhas.
  6791 | D:8      | Found an iron altar of Okawaru.
  6795 | D:8      | Found a radiant altar of Vehumet.
  6845 | D:8      | Found a hazy altar of Hepliaklqana.
  7181 | D:9      | Reached *** piety under Sif Muna
  7447 | D:10     | Entered Level 10 of the Dungeon
  7515 | D:10     | Reached skill level 10 in Spellcasting
  7515 | D:10     | Reached skill level 10 in Conjurations
  7515 | D:10     | Reached skill level 10 in Air Magic
  7647 | D:10     | Reached XP level 11. HP: 38/54 MP: 0/26
  7752 | D:10     | Got a heavily runed plate armour
  7811 | D:10     | Found a bloodstained altar of Trog.
  7840 | D:10     | Noticed a two-headed ogre
  7848 | D:10     | Killed a two-headed ogre
  7891 | D:10     | Reached **** piety under Sif Muna
  7920 | D:10     | Found a staircase to the Orcish Mines.
  8468 | D:11     | Noticed a death knight
  8470 | D:11     | Noticed a skeletal warrior
  8551 | D:11     | Killed a skeletal warrior
  8680 | D:11     | Killed a death knight
  8739 | D:11     | Found a staircase to the Lair.
  8800 | D:11     | Noticed a skeletal warrior
  8814 | D:11     | Killed a skeletal warrior
  8816 | D:11     | Noticed a skeletal warrior
  8816 | D:11     | Noticed a skeletal warrior
  8833 | D:11     | Killed a skeletal warrior
  8845 | D:11     | Killed a skeletal warrior
  8845 | D:11     | Reached ***** piety under Sif Muna
  8845 | D:11     | Identified Sif Muna's Reference Book on Confrontation and Lightness (Sif Muna gifted it to you on level 11 of the Dungeon)
  8845 | D:11     | Received a gift from Sif Muna
  9069 | D:11     | Noticed a skeletal warrior
  9087 | D:11     | Killed a skeletal warrior
  9118 | D:11     | Reached XP level 12. HP: 52/59 MP: 9/28
  9666 | D:11     | Reached skill level 5 in Invocations
  9726 | D:11     | Slain by a yak

Vault maps used:
D:1:      saegor_arrival_simple_f
D:2:      first_ration, chequers_ecumenical_altar_simple_redux, minmay_rat_hole,
          uniq_natasha
D:4:      nicolae_tso_carved_into_rock, marbit_many_paths, serial_shops, shop,
          shop, shop_statue, shop, shop_statue
D:5:      lemuel_crystal_altar
D:6:      tgw_trog, yredelemnul_forgotten_temple_becter, serial_shops,
          kennysheep_mini, hangedman_feature_mirror, led_sif_book
D:7:      temple_hall, the_bakery, item_on_display_a, uniq_menkaure
D:8:      gammafunk_temple_overflow_arena, nicolae_overflow_hidden_temple,
          minitemple, basic_altar
D:9:      hex_large
D:10:     orc_0_dummy, basic_altar, serial_ice, serial_ice_g, serial_ice_d,
          serial_ice_f, serial_ice_k, serial_ice_c, serial_ice_b, serial_ice_e,
          serial_ice_m, serial_ice_h, serial_ice_o
D:11:     grunt_lair_entry_orc_guard_hut, hex_tiny
D:12:     roderic_serpentine_path

Skill      XL: |  1  2  3  4  5  6  7  8  9 10 11 12 |
---------------+-------------------------------------+-----
Conjurations   | 2 3 4 5 6 8 10 11 | 11.5
Spellcasting   | 3 4 5 6 8 10 11 | 11.5
Shields        | 1 2 3 4 |  4.3
Dodging        | 3 4 5 |  5.0
Air Magic      | 5 6 8 10 11 | 11.5
Invocations    | 2 5 |  5.2
Stealth        | |  2.0

Action                   |  1- 3 |  4- 6 |  7- 9 | 10-12 || total
-------------------------+-------+-------+-------+-------++-------
Melee: Unarmed           |     2 |       |       |     6 ||     8
       Kick              |     2 |       |       |       ||     2
       Peck              |       |       |       |     1 ||     1
 Cast: Shock             |    49 |   144 |   199 |       ||   392
       Static Discharge  |       |       |     3 |     1 ||     4
       Passwall          |       |       |     1 |     1 ||     2
       Airstrike         |       |       |    34 |   234 ||   268
       Lightning Bolt    |       |       |       |    21 ||    21
       Swiftness         |       |       |       |     1 ||     1
Invok: Divine Energy     |       |       |     1 |       ||     1
 Abil: Fly               |       |       |     2 |     5 ||     7
  Use: Scroll            |       |       |     2 |     3 ||     5
       Potion            |       |       |       |     1 ||     1
 Stab: Sleeping          |     1 |       |       |       ||     1
  Eat: Chunk             |       |     7 |    13 |    25 ||    45
       Ration            |       |       |       |     2 ||     2
Armor: Robe              |     1 |     3 |     2 |       ||     6
       Troll leather arm |       |       |       |     5 ||     5
Dodge: Dodged            |     6 |    13 |    44 |    48 ||   111
Block: Buckler           |       |       |     6 |    14 ||    20

Table legend:
 A = Spawn XP
 B = Non-spawn XP
 C = Spawn XP percentage of total XP
 D = Spawn monster count
 E = Non-spawn monster count
 F = Spawn count percentage of total count
 G = Total turns spent on level
                    A         B        C        D         E        F      G
               +---------+---------+-------+---------+---------+-------+---------
         Total |       0 |   20974 |   0.0 |       0 |     241 |   0.0 |  9726
               +---------+---------+-------+---------+---------+-------+---------
           D:1 |       0 |      47 |   0.0 |       0 |      23 |   0.0 |   676
           D:2 |       0 |     230 |   0.0 |       0 |      35 |   0.0 |  1200
           D:3 |       0 |      55 |   0.0 |       0 |      16 |   0.0 |   755
           D:4 |       0 |     473 |   0.0 |       0 |       9 |   0.0 |   685
           D:5 |       0 |     778 |   0.0 |       0 |      18 |   0.0 |   919
           D:6 |       0 |    1213 |   0.0 |       0 |      26 |   0.0 |  1197
           D:7 |       0 |    1445 |   0.0 |       0 |      18 |   0.0 |   695
           D:8 |       0 |    2393 |   0.0 |       0 |      17 |   0.0 |   783
           D:9 |       0 |    1421 |   0.0 |       0 |      12 |   0.0 |   537
          D:10 |       0 |    3566 |   0.0 |       0 |      36 |   0.0 |   898
          D:11 |       0 |    9353 |   0.0 |       0 |      31 |   0.0 |  1377
               +---------+---------+-------+---------+---------+-------+---------
